 Dungeon Crawl Stone Soup version 0.27-a0-1184-ge86db4a01e (webtiles) character file.

Game seed: 5272047754600293566

86 ZappyNine the Shield-Bearer (level 4, -1/55 HPs)
             Began as a Formicid Fighter on May 18, 2021.
             Succumbed to Sigmund's poison
             ... on level 2 of the Dungeon.
             The game lasted 00:01:54 (1852 turns).

ZappyNine the Shield-Bearer (Formicid Fighter)      Turns: 1852, Time: 00:01:54

Health: -1/55      AC: 22    Str: 21    XL:     4   Next: 78%
Magic:  4/4        EV:  2    Int:  8    God:
Gold:   136        SH: 14    Dex: 10    Spells: 3/3 levels left

rFire    . . .     SeeInvis .   a - +0 flail
rCold    . . .     Faith    .   k - +0 tower shield
rNeg     + + +     Spirit   .   (armour currently unavailable)
rPois    +         Reflect  .   (helmet unavailable)
rElec    .         Harm     .   (cloak currently unavailable)
rCorr    .         Rampage  .   (gloves currently unavailable)
Will     .....                  (boots currently unavailable)
Stlth    +.........             (no amulet)
HPRegen  0.18/turn              (no ring)
MPRegen  0.09/turn              (no ring)

@: lethally poisoned (-1 -> -15), tree-form, attractive
A: stationary, stasis, torment immunity, boosted hp, permanent stasis, dig
shafts and tunnels, (antennae 3), four strong arms
a: no special abilities


You were on level 2 of the Dungeon.
You were a tree.
You visited 1 branch of the dungeon, and saw 2 of its levels.

You collected 136 gold pieces.

Inventory:

Hand Weapons
 a - a +0 flail (weapon)
Armour
 b - a +0 scale mail (melded)
 c - a +0 kite shield
 k - a +0 tower shield (worn)
Scrolls
 d - a scroll of amnesia {unknown}
 e - 3 scrolls of enchant weapon {unknown}
 i - 2 scrolls of identify {unknown}
 l - a scroll of magic mapping {unknown}
 m - a scroll of fear {unknown}
Potions
 g - a potion of attraction
 j - a potion of flight {unknown}


   Skills:
 - Level 4.1 Fighting
 - Level 3.0 Maces & Flails
 - Level 3.2 Armour
 + Level 4.7 Shields


You had 3 spell levels left.
You didn't know any spells.
Your spell library contained the following spells:

 Spells                   Type           Power      Damage    Failure   Level
 Beastly Appendage        Tmut           0%         N/A       98%         1
 Wereblood                Tmut           0%         N/A       99%         2
 Spider Form              Tmut/Pois      0%         N/A       100%        3
 Ice Form                 Ice/Tmut       0%         N/A       100%        4
 Hydra Form               Tmut           0%         N/A       100%        5


Dungeon Overview and Level Annotations

Branches:
Dungeon (2/15)

Altars:


Innate Abilities, Weirdness & Mutations

You are a tree.
Your roots penetrate the ground, keeping you stationary.
You cannot be teleported.
You are immune to unholy pain and torment.
Your maximum health is greatly increased.
Your equipment is partially melded.
You cannot be hasted, slowed, berserked, paralysed or teleported.
You can dig through walls and to a lower floor.
((You have a pair of large antennae on your head. (SInv)))
Your four strong arms can wield two-handed weapons with a shield.


Message History

You are poisoned.
You block Sigmund's attack.
You hit Sigmund.
Sigmund is severely wounded.
You feel very sick.
Sigmund hits you with a +0 scythe of venom.
* * * LOW HITPOINT WARNING * * *
Sigmund hits you with a +0 scythe of venom.
* * * LOW HITPOINT WARNING * * *
You are lethally poisoned!
You feel much better.
You feel very sick. You block Sigmund's attack.
Unknown command.
You closely miss Sigmund.
Sigmund is severely wounded.
You feel very sick. You block Sigmund's attack.
You hit Sigmund.
Sigmund is almost dead.
You feel very sick. Sigmund casts a spell at you. The magic dart hits you!
* * * LOW HITPOINT WARNING * * *
Sigmund points at himself and mumbles some strange words.
Sigmund flickers and vanishes!
Deactivating autopickup; reactivate with Ctrl-A.
You barely miss something.
You feel sick. Something hits you but does no damage.
You hear some strange, mumbled words.
A magic dart appears from out of thin air!
The magic dart hits you but does no damage.
Unknown command.
You closely miss something.
You feel sick. Something hits you.
* * * LOW HITPOINT WARNING * * *
You are lethally poisoned!
You sock something!
Reactivating autopickup.
You feel a bit more experienced.
You die...

......######## ......# #.##.
......######## ..#.###
.............# #.#.#..
..........†#+#### ...#.#
................# #..#.# #
#'###...........###..#.###.# #.#
#...........#)##.#{....#+## #.#
#...........♣#.#......$.... #.#
#>..........###...##....... #.#
#......#'#####.##.##....... #.#
#......#.....@###..#....)... #.#
#......#......'@...#.#+#+#..
#'##########......####...#.#.#.#
.......# #......# #...#.#.#.#
.......# #......+ ...#.#.#.#
.......# #......#####..#.#.#.##


There were no monsters in sight!

Vanquished Creatures
  Sigmund (D:2)
  An adder (D:2)
  A dart slug (D:1)
  12 orcs (D:1)
  5 ball pythons
  7 endoplasms
  3 giant cockroaches (D:1)
  2 goblins (D:2)
  3 hobgoblins (D:1)
  3 jackals (D:1)
  6 kobolds
  4 quokkas
  2 bats (D:1)
  2 frilled lizards
  2 rats (D:1)
54 creatures vanquished.

Notes
Turn   | Place    | Note
-------+----------+-------------------------------------------
     0 | D:1      | ZappyNine the Formicid Fighter began the quest for the Orb.
     0 | D:1      | Reached XP level 1. HP: 18/18 MP: 1/1
    90 | D:1      | Reached XP level 2. HP: 24/24 MP: 2/2
   234 | D:1      | Reached XP level 3. HP: 27/30 MP: 3/3
   363 | D:1      | Reached XP level 4. HP: 36/37 MP: 4/4
   580 | D:1      | Found a faded altar of an unknown god.
  1815 | D:2      | Noticed Sigmund
  1852 | D:2      | Killed Sigmund
  1852 | D:2      | Succumbed to Sigmund's poison

Illustrated notes

Levels and vault maps discovered:
D:1:      erik_arrival_cave_to_civilisation [erik_arrival_cave_to_temple],
          layout_basic, basic_ecumenical_altar
D:2:      layout_basic, basic_altar, uniq_sigmund, uniq_crazy_yiuf_cottage

Skill      XL: |  1  2  3  4 |
---------------+-------------+-----
Shields        | 4 |  4.7
Fighting       | 4 |  4.1
Maces & Flails | 3 |  3.0
Armour         | |  3.2

Action                   |  1- 3 |  4- 6 || total
-------------------------+-------+-------++-------
Melee: Flail             |    66 |   104 ||   170
 Abil: Dig               |     5 |     1 ||     6
  Use: Potion            |     1 |     4 ||     5
Armor: Scale mail        |    30 |    42 ||    72
       Skin              |       |     6 ||     6
Dodge: Dodged            |    25 |    26 ||    51
Block: Kite shield       |    29 |    31 ||    60
       Tower shield      |       |    48 ||    48

Table legend: (Time is in decaauts)
 A = Elapsed time spent in this place.
 B = Non-inter-level travel time spent in this place.
 C = Inter-level travel time spent in this place.
 D = Time resting spent in this place.
 E = Time spent auto-exploring this place.
 F = Levels seen in this place.
 G = Mean time per level.
                   A        B        C        D        E       F      G
               +--------+--------+--------+--------+--------+-----+--------+
         Total |   1933 |   1829 |    104 |    190 |   1186 |   2 |  966.5 |
       Dungeon |   1933 |   1829 |    104 |    190 |   1186 |   2 |  966.5 |
               +--------+--------+--------+--------+--------+-----+--------+

Top non-repeatable levels by time:
     D:1: 1114 daAuts
     D:2: 819 daAuts
